 Dungeon Crawl Stone Soup version 0.27.1-37-g7b29ead8ac (console) character file.

Game seed: 5795215258985958055

6 grimtooth the Skirmisher (level 1, -2/19 HPs)
             Began as a Palentonga Abyssal Knight on May 15, 2023.
             Was a Follower of Lugonu.
             Slain by a hobgoblin (3 damage)
             ... on level 1 of the Dungeon.
             The game lasted 00:00:51 (177 turns).

grimtooth the Skirmisher (Palentonga Abyssal Knight) Turns: 177, Time: 00:00:52

Health: -2/19      AC:  4    Str: 15    XL:     1   Next: 75%
Magic:  2/2        EV:  9    Int: 12    God:    Lugonu [*.....]
Gold:   0          SH:  0    Dex:  9    Spells: 0/0 levels left

rFire    . . .     SeeInvis +   a - +1 hand axe
rCold    . . .     Faith    .   (no shield)
rNeg     . . .     Spirit   .   b - +0 leather armour
rPois    .         Reflect  .   (no helmet)
rElec    .         Harm     .   (no cloak)
rCorr    .         Rampage  .   (no gloves)
Will     .....                  (no barding)
Stlth    +.........             (no amulet)
HPRegen  0.06/turn              (no ring)
MPRegen  0.08/turn              (no ring)

@: no status effects
A: large, rugged brown scales 3, see invisible, deformed body, roll 1, armoured
tail
a: Rolling Charge, Renounce Religion, Depart the Abyss


You were on level 1 of the Dungeon.
You worshipped Lugonu.
Lugonu was aware of your devotion.
You visited 1 branch of the dungeon, and saw 1 of its levels.
You visited the Abyss 1 time.

Inventory:

Hand Weapons
 a - a +1 hand axe (weapon)
Armour
 b - a +0 leather armour (worn)
Scrolls
 c - a scroll of identify {unknown}


   Skills:
 - Level 3.0 Fighting
 + Level 2.6 Axes
 - Level 1.5 Armour
 - Level 0.7 Dodging
 - Level 2.0 Invocations


You couldn't memorise any spells.
You didn't know any spells.
Your spell library was empty.

Dungeon Overview and Level Annotations

Branches:
Dungeon (1/15)

Altars:


Innate Abilities, Weirdness & Mutations

You are completely covered in rugged brown scales. (AC +3, +7% HP)
You have supernaturally acute eyesight. (SInv)
Armour fits poorly on your strangely shaped body.
You can roll at nearby foes to attack.
You have a long armoured tail.


Message History

You hit the hobgoblin. You tail-slap the hobgoblin.
The hobgoblin is severely wounded.
The hobgoblin closely misses you.
You hit the hobgoblin but do no damage.
The hobgoblin is severely wounded.
The hobgoblin hits you but does no damage.
You closely miss the hobgoblin.
Your tail-slap misses the hobgoblin.
The hobgoblin is severely wounded.
The hobgoblin hits you but does no damage.
You hit the hobgoblin.
You kill the hobgoblin!
Lugonu accepts your kill.
You can now depart the Abyss.
You see here a jackal corpse.
You start resting.
A hobgoblin is nearby!
You close the door.
You start resting.
A hobgoblin opens the door.
Roll where?
Press: ? - help, Dir - move target, f - hobgoblin
Aim: a hobgoblin You roll forward with a clatter of scales!
You barely miss the hobgoblin. The hobgoblin barely misses you.
You hit the hobgoblin.
The hobgoblin is moderately wounded.
The hobgoblin hits you.
* * * LOW HITPOINT WARNING * * *
The hobgoblin closely misses you.
You hit the hobgoblin.
Your tail-slap misses the hobgoblin.
The hobgoblin is severely wounded.
The hobgoblin hits you.
* * * LOW HITPOINT WARNING * * *
You hit the hobgoblin but do no damage.
The hobgoblin is heavily wounded.
The hobgoblin hits you.
* * * LOW HITPOINT WARNING * * *
You barely miss the hobgoblin.
Your tail-slap misses the hobgoblin.
The hobgoblin is heavily wounded.
The hobgoblin hits you.
You die...

#♣#♣# ##.♣.## ...##
#P#<#P#.#.# .#.? ?
##P.P##.#.# ...# .(
#P♣.♣P#.#.# ...#.#
#♣...♣#.#.# ....##.
#.....#.#.# ....(..
#.≈8≈.#.#.# #####g.....#
#.≈≈≈.#.#.###.)†@......#
#.≈#≈.#.....).###......#
#+###'#...#########.####
#........>....... #
#########.####### #.#
#.# #.# #.# #.# #.#


You could see a hobgoblin.

Vanquished Creatures
  A goblin (D:1)
  2 hobgoblins (D:1)
  A jackal (D:1)
  A kobold (D:1)
5 creatures vanquished.

Notes
Turn   | Place    | Note
-------+----------+-------------------------------------------
     0 | Abyss:1  | grimtooth the Palentonga Abyssal Knight began the quest for
                  | the Orb.
     0 | Abyss:1  | Reached XP level 1. HP: 19/19 MP: 2/2
    74 | Abyss:1  | Noticed a small abomination
    75 | D:1      | Escaped the Abyss
   148 | D:1      | Reached * piety under Lugonu
   177 | D:1      | Slain by a hobgoblin

Illustrated notes

Levels and vault maps discovered:
D:1:      tarquinn_simple_flora_water_d, layout_basic,
          hellmonk_ecumenical_altar_blasted, minmay_misc_feat_plants,
          minmay_heptomino_d4

Action                   || total
-------------------------++-------
Melee: Hand axe          ||    22
       Tailslap          ||     1
Invok: Depart the Abyss  ||     1
 Abil: Rolling Charge    ||     3
Armor: Leather armour    ||     2
Dodge: Dodged            ||     9
